| TOP OF THE 1ST |
|
Kane County Cougars batting - Pitching for Wisconsin Timber Rattlers : LHP Mike Moffett
|
|
Pitching: LHP Mike Moffett
|
|
|
Batting: RHB Francisco Gutierrez
|
0-0: Ball 1-0: Fly out, F4 (Popup, 4M, EV 78.1 MPH)
|
|
Batting: RHB Longfellow Wetzler
|
0-0: Foul Ball, location: 2F 0-1: Foul Ball, location: 2F 0-2: Ground out 6-3 (Groundball, 6MS, EV 73.8 MPH)
|
|
Batting: LHB J.P. Olson
|
0-0: Ball 1-0: Swinging Strike 1-1: Ball 2-1: SINGLE (Line Drive, 34D, EV 94.4 MPH)
|
|
Batting: RHB Chad Mendoza
|
0-0: Ball 1-0: Called Strike 1-1: Ball 2-1: DOUBLE (Flyball, 78D, EV 95.6 MPH) J.P. Olson to third
|
|
Batting: SHB John Cummings
|
0-0: Called Strike 0-1: Swinging Strike 0-2: Ball 1-2: Strikes out swinging, 2-3 out at first.
|
| Top of the 1st over - 0 runs, 2 hits, 0 errors, 2 left on base; Kane County 0 - Wisconsin 0 |
| BOTTOM OF THE 1ST |
|
Wisconsin Timber Rattlers batting - Pitching for Kane County Cougars : RHP Tim Shaffer
|
|
Pitching: RHP Tim Shaffer
|
|
|
Batting: RHB Chris Maul
|
0-0: Swinging Strike 0-1: Ball 1-1: Called Strike 1-2: Strikes out swinging
|
|
Batting: RHB Ryan Miller
|
0-0: Called Strike 0-1: Ball 1-1: SINGLE (Groundball, 34D, EV 103.8 MPH)
|
|
Batting: SHB Justin Hensley
|
0-0: Called Strike Ryan Miller steals 2nd base 0-1: Ball 1-1: Foul Ball, location: 2F 1-2: Foul Ball, location: 2F 1-2: Foul Ball, location: 2F 1-2: SINGLE (Groundball, 4M, EV 83.1 MPH) (infield hit) Ryan Miller to third
|
|
Batting: LHB Karel Hort
|
0-0: Ball 1-0: Called Strike Justin Hensley steals 2nd base 1-1: Fly out, F8 (Flyball, 8LXD, EV 88.1 MPH) Runner from 3rd tags up, SCORES, no throw by CF
|
|
Batting: RHB Alfredo Sena
|
0-0: Foul Ball, location: 2F 0-1: Foul Ball, location: 2F 0-2: Ball 1-2: Ball 2-2: Foul Ball, location: 2F 2-2: SINGLE (Line Drive, 89M, EV 105.0 MPH) Justin Hensley to third
|
|
Batting: LHB Mark Backstrom
|
0-0: Ball 1-0: Fly out, F7 (Flyball, 7LD, EV 96.9 MPH)
|
| Bottom of the 1st over - 1 run, 3 hits, 0 errors, 2 left on base; Kane County 0 - Wisconsin 1 |
| TOP OF THE 2ND |
|
Kane County Cougars batting - Pitching for Wisconsin Timber Rattlers : LHP Mike Moffett
|
|
Batting: RHB D.J. Cooke
|
0-0: Ball 1-0: Ball 2-0: TRIPLE (Flyball, 9LD, EV 106.9 MPH)
|
|
Batting: RHB Gary Hills
|
0-0: Called Strike 0-1: Foul Ball, location: 2F 0-2: Ball 1-2: Ball 2-2: Fly out, F9 (Flyball, 9LM, EV 90.0 MPH) Runner from 3rd tags up, OUT at HOME! 9-2
|
|
Batting: LHB Enrique Ponce
|
0-0: Foul Ball, location: 2F 0-1: Ground out 4-3 (Groundball, 4M, EV 93.8 MPH)
|
| Top of the 2nd over - 0 runs, 1 hit, 0 errors, 0 left on base; Kane County 0 - Wisconsin 1 |
| BOTTOM OF THE 2ND |
|
Wisconsin Timber Rattlers batting - Pitching for Kane County Cougars : RHP Tim Shaffer
|
|
Batting: SHB Robert Sayer
|
0-0: Hit by Pitch
|
|
Batting: RHB Dan Allred
|
0-0: Ball 1-0: Ball 2-0: Called Strike 2-1: Ball 3-1: Called Strike 3-2: Foul Ball, location: 2F 3-2: Strikes out looking Robert Sayer steals 2nd, throwing error, E2 Robert Sayer to third
|
|
Batting: RHB Chris Fruit
|
0-0: Ground out 6-3 (Groundball, 6, EV 105.6 MPH) Robert Sayer scores
|
|
Batting: RHB Chris Maul
|
0-0: Ball 1-0: Swinging Strike 1-1: Foul Ball, location: 2F 1-2: Strikes out swinging
|
| Bottom of the 2nd over - 1 run, 0 hits, 1 error, 0 left on base; Kane County 0 - Wisconsin 2 |
| TOP OF THE 3RD |
|
Kane County Cougars batting - Pitching for Wisconsin Timber Rattlers : LHP Mike Moffett
|
|
Batting: LHB Jeff Trapp
|
0-0: Ball 1-0: Called Strike 1-1: Called Strike 1-2: Strikes out looking
|
|
Batting: RHB Francisco Gutierrez
|
0-0: Ball 1-0: Foul Ball, location: 2F 1-1: Ball 2-1: Ground out U3 (Groundball, 34S, EV 94.4 MPH)
|
|
Batting: RHB Longfellow Wetzler
|
0-0: Ball 1-0: Fly out, F8 (Flyball, 8RM, EV 73.8 MPH)
|
| Top of the 3rd over - 0 runs, 0 hits, 0 errors, 0 left on base; Kane County 0 - Wisconsin 2 |
| BOTTOM OF THE 3RD |
|
Wisconsin Timber Rattlers batting - Pitching for Kane County Cougars : RHP Tim Shaffer
|
|
Batting: RHB Ryan Miller
|
0-0: Called Strike 0-1: Ball 1-1: Foul Ball, location: 2F 1-2: Ball 2-2: Foul Ball, location: 2F 2-2: Reached on error, E6 (Groundball, 6, EV 83.8 MPH)
|
|
Batting: SHB Justin Hensley
|
0-0: Called Strike Ryan Miller is caught stealing 2nd base 2-6 0-1: Ball 1-1: Swinging Strike 1-2: Ball 2-2: Strikes out swinging
|
|
Batting: LHB Karel Hort
|
0-0: Ball 1-0: Called Strike 1-1: Ground out 4-3 (Groundball, 4, EV 86.9 MPH)
|
| Bottom of the 3rd over - 0 runs, 0 hits, 1 error, 0 left on base; Kane County 0 - Wisconsin 2 |
| TOP OF THE 4TH |
|
Kane County Cougars batting - Pitching for Wisconsin Timber Rattlers : LHP Mike Moffett
|
|
Batting: LHB J.P. Olson
|
0-0: Called Strike 0-1: Ball 1-1: Ball 2-1: Foul Ball, location: 2F 2-2: Foul Ball, location: 2F 2-2: Ball 3-2: DOUBLE (Line Drive, 78D, EV 113.1 MPH)
|
|
Batting: RHB Chad Mendoza
|
0-0: Called Strike 0-1: Ground out 5-3 (Groundball, 56S, EV 83.8 MPH)
|
|
Batting: SHB John Cummings
|
0-0: Hit by Pitch
|
|
Batting: RHB D.J. Cooke
|
0-0: SINGLE (Groundball, 4D, EV 101.2 MPH) J.P. Olson to third John Cummings to second Runner from 3rd tries for Home, SAFE, throw by RF to home
|
|
Batting: RHB Gary Hills
|
0-0: Ball 1-0: Called Strike 1-1: SINGLE (Flyball, 3D, EV 96.9 MPH) John Cummings to third D.J. Cooke to second
|
|
Batting: LHB Enrique Ponce
|
0-0: Ball 1-0: Ball 2-0: Ball 3-0: Called Strike 3-1: Foul Ball, location: 2F 3-2: SINGLE (Groundball, 34D, EV 106.2 MPH) (infield hit) John Cummings scores D.J. Cooke to third Gary Hills to second
|
|
Batting: LHB Jeff Trapp
|
0-0: Ball 1-0: Foul Ball, location: 2F 1-1: Swinging Strike 1-2: Foul Ball, location: 2F 1-2: Ball 2-2: Ball 3-2: SINGLE (Groundball, 4D, EV 98.1 MPH) D.J. Cooke scores Gary Hills to third Enrique Ponce to second
|
|
Batting: RHB Francisco Gutierrez
|
0-0: Grounds into double play, 6-4-3 (Groundball, 6, EV 89.4 MPH)
|
| Top of the 4th over - 3 runs, 5 hits, 0 errors, 2 left on base; Kane County 3 - Wisconsin 2 |
| BOTTOM OF THE 4TH |
|
Wisconsin Timber Rattlers batting - Pitching for Kane County Cougars : RHP Tim Shaffer
|
|
Batting: RHB Alfredo Sena
|
0-0: Ball 1-0: Foul Ball, location: 2F 1-1: Ball 2-1: Called Strike 2-2: Ball 3-2: Foul Ball, location: 2F 3-2: SINGLE (Line Drive, 9S, EV 95.6 MPH)
|
|
Batting: LHB Mark Backstrom
|
0-0: Ball Alfredo Sena steals 2nd base 1-0: Ground out 6-3 (Groundball, 56, EV 98.8 MPH)
|
|
Batting: SHB Robert Sayer
|
0-0: SINGLE (Groundball, 34S, EV 69.4 MPH) (infield hit) Alfredo Sena to third
|
|
Batting: RHB Dan Allred
|
0-0: Ball Robert Sayer is caught stealing 2nd base 2-4 1-0: Swinging Strike 1-1: Ball 2-1: Swinging Strike 2-2: Strikes out looking
|
| Bottom of the 4th over - 0 runs, 2 hits, 0 errors, 1 left on base; Kane County 3 - Wisconsin 2 |
| TOP OF THE 5TH |
|
Kane County Cougars batting - Pitching for Wisconsin Timber Rattlers : LHP Mike Moffett
|
|
Batting: RHB Longfellow Wetzler
|
0-0: Ball 1-0: Ball 2-0: Called Strike 2-1: Swinging Strike 2-2: Ball 3-2: Foul Ball, location: 2F 3-2: Base on Balls
|
|
Batting: LHB J.P. Olson
|
0-0: Ball 1-0: Swinging Strike 1-1: Ball 2-1: Foul Ball, location: 2F 2-2: Ball 3-2: Grounds into double play, 4-6-3 (Groundball, 4, EV 94.4 MPH)
|
|
Batting: RHB Chad Mendoza
|
0-0: Ball 1-0: Ball 2-0: Ground out 6-3 (Groundball, 6M, EV 105.6 MPH)
|
| Top of the 5th over - 0 runs, 0 hits, 0 errors, 0 left on base; Kane County 3 - Wisconsin 2 |
| BOTTOM OF THE 5TH |
|
Wisconsin Timber Rattlers batting - Pitching for Kane County Cougars : RHP Tim Shaffer
|
|
Batting: RHB Chris Fruit
|
0-0: Ball 1-0: Ground out 6-3 (Groundball, 6, EV 79.4 MPH)
|
|
Batting: RHB Chris Maul
|
0-0: Ball 1-0: Ball 2-0: Called Strike 2-1: Ball 3-1: Foul Ball, location: 2F 3-2: Ground out 5-3 (Groundball, 5S, EV 64.4 MPH)
|
|
Batting: RHB Ryan Miller
|
0-0: Ground out 4-3 (Groundball, 34, EV 84.4 MPH)
|
| Bottom of the 5th over - 0 runs, 0 hits, 0 errors, 0 left on base; Kane County 3 - Wisconsin 2 |
| TOP OF THE 6TH |
|
Kane County Cougars batting - Pitching for Wisconsin Timber Rattlers : LHP Mike Moffett
|
|
Batting: SHB John Cummings
|
0-0: Ball 1-0: SINGLE (Flyball, 4D, EV 93.1 MPH)
|
|
Batting: RHB D.J. Cooke
|
0-0: Ball 1-0: Swinging Strike 1-1: Ball 2-1: Foul Ball, location: 2F 2-2: Ball 3-2: DOUBLE (Line Drive, 9LD, EV 100.6 MPH) John Cummings to third
|
|
Batting: RHB Gary Hills
|
0-0: Ground out 5-3 (Groundball, 56, EV 83.1 MPH)
|
|
Pitching: RHP Bobby Savoy
|
|
|
Batting: LHB Enrique Ponce
|
0-0: Ball 1-0: Ball 2-0: Foul Ball, location: 2F 2-1: Swinging Strike 2-2: Ground out 4-3 (Groundball, 4, EV 91.2 MPH)
|
|
Batting: LHB Jeff Trapp
|
0-0: Called Strike 0-1: Ball 1-1: Ball 2-1: SINGLE (Groundball, 25, EV 63.1 MPH) (infield hit) John Cummings scores D.J. Cooke to third
|
|
Batting: RHB Francisco Gutierrez
|
0-0: Called Strike 0-1: Ball 1-1: Called Strike 1-2: Foul Ball, location: 2F 1-2: Strikes out swinging
|
| Top of the 6th over - 1 run, 3 hits, 0 errors, 2 left on base; Kane County 4 - Wisconsin 2 |
| BOTTOM OF THE 6TH |
|
Wisconsin Timber Rattlers batting - Pitching for Kane County Cougars : RHP Tim Shaffer
|
|
Batting: SHB Justin Hensley
|
0-0: Foul Ball, location: 2F 0-1: Swinging Strike 0-2: Foul Ball, location: 2F 0-2: Ball 1-2: DOUBLE (Flyball, 8RXD, EV 108.8 MPH)
|
|
Batting: LHB Karel Hort
|
0-0: Called Strike 0-1: Foul Ball, location: 2F 0-2: SINGLE (Line Drive, 89M, EV 96.2 MPH) Justin Hensley to third
|
|
Batting: RHB Alfredo Sena
|
0-0: Ball 1-0: Foul Ball, location: 2F 1-1: Called Strike 1-2: Foul Ball, location: 2F 1-2: Grounds into double play, 4-6-3 (Groundball, 4, EV 81.2 MPH) Justin Hensley scores
|
|
Batting: LHB Mark Backstrom
|
0-0: Ball 1-0: Foul Ball, location: 2F 1-1: SOLO HOME RUN (Flyball, 9D, EV 96.9 MPH), Distance : 367 ft
|
|
Batting: SHB Robert Sayer
|
0-0: Ball 1-0: Called Strike 1-1: Foul Ball, location: 2F 1-2: Foul Ball, location: 2F 1-2: Foul Ball, location: 2F 1-2: Foul Ball, location: 2F 1-2: Foul Ball, location: 2F 1-2: Ground out 4-3 (Groundball, 34, EV 86.9 MPH)
|
| Bottom of the 6th over - 2 runs, 3 hits, 0 errors, 0 left on base; Kane County 4 - Wisconsin 4 |
| TOP OF THE 7TH |
|
Kane County Cougars batting - Pitching for Wisconsin Timber Rattlers : RHP Bobby Savoy
|
|
Batting: RHB Longfellow Wetzler
|
0-0: Ground out 6-3 (Groundball, 56, EV 80.6 MPH)
|
|
Batting: LHB J.P. Olson
|
0-0: Foul Ball, location: 2F 0-1: Ball 1-1: Ground out U3 (Groundball, 34, EV 101.9 MPH)
|
|
Batting: RHB Chad Mendoza
|
0-0: Swinging Strike 0-1: Swinging Strike 0-2: Ball 1-2: Ball 2-2: Strikes out looking
|
| Top of the 7th over - 0 runs, 0 hits, 0 errors, 0 left on base; Kane County 4 - Wisconsin 4 |
| BOTTOM OF THE 7TH |
|
Wisconsin Timber Rattlers batting - Pitching for Kane County Cougars : RHP Tim Shaffer
|
|
Pitching: LHP Jeff Haight
|
|
|
Batting: RHB Dan Allred
|
0-0: Foul Ball, location: 2F 0-1: Ball 1-1: SINGLE (Groundball, 25, EV 70.6 MPH) (infield hit)
|
|
Batting: RHB Chris Fruit
|
0-0: Bunted foul 0-1: Bunted foul 0-2: Ground out 4-3 (Groundball, 4S, EV 65.0 MPH) Dan Allred to second
|
|
Batting: RHB Chris Maul
|
0-0: Ball 1-0: Foul Ball, location: 2F 1-1: Ball Wild Pitch! Dan Allred to third 2-1: SINGLE (Groundball, 56D, EV 95.0 MPH) Dan Allred scores
|
|
Batting: RHB Ryan Miller
|
0-0: Swinging Strike 0-1: Swinging Strike 0-2: Foul Ball, location: 2F 0-2: Strikes out looking
|
|
Batting: SHB Justin Hensley
|
0-0: Called Strike 0-1: Swinging Strike 0-2: Strikes out swinging
|
| Bottom of the 7th over - 1 run, 2 hits, 0 errors, 1 left on base; Kane County 4 - Wisconsin 5 |
| TOP OF THE 8TH |
|
Kane County Cougars batting - Pitching for Wisconsin Timber Rattlers : RHP Bobby Savoy
|
|
Batting: SHB John Cummings
|
0-0: Foul Ball, location: 2F 0-1: Foul Ball, location: 2F 0-2: SINGLE (Groundball, P, EV 92.5 MPH) (infield hit)
|
|
Batting: RHB D.J. Cooke
|
0-0: Called Strike 0-1: Ball 1-1: Called Strike 1-2: Fly out, F9 (Flyball, 89M, EV 90.6 MPH)
|
|
Pinch Hitting: SHB Blaine Peters
|
0-0: Ball 1-0: Ball 2-0: Ball 3-0: Called Strike 3-1: Foul Ball, location: 2F 3-2: Fly out, F8 (Flyball, 8RD, EV 98.8 MPH)
|
|
Batting: LHB Enrique Ponce
|
0-0: Ball 1-0: Swinging Strike 1-1: Ball 2-1: Foul Ball, location: 2F 2-2: Foul Ball, location: 2F 2-2: Strikes out swinging
|
| Top of the 8th over - 0 runs, 1 hit, 0 errors, 1 left on base; Kane County 4 - Wisconsin 5 |
| BOTTOM OF THE 8TH |
|
Wisconsin Timber Rattlers batting - Pitching for Kane County Cougars : LHP Jeff Haight
|
|
Now at SS: Blaine Peters
|
|
|
Batting: LHB Karel Hort
|
0-0: Called Strike 0-1: Swinging Strike 0-2: Strikes out swinging
|
|
Batting: RHB Alfredo Sena
|
0-0: Ball 1-0: Foul Ball, location: 2F 1-1: Foul Ball, location: 2F 1-2: Strikes out swinging
|
|
Batting: LHB Mark Backstrom
|
0-0: Ball 1-0: Ball 2-0: Called Strike 2-1: Ball 3-1: Foul Ball, location: 2F 3-2: Foul Ball, location: 2F 3-2: SINGLE (Line Drive, 34, EV 100.0 MPH)
|
|
Batting: SHB Robert Sayer
|
0-0: Ground out 4-3 (Groundball, 4, EV 82.5 MPH)
|
| Bottom of the 8th over - 0 runs, 1 hit, 0 errors, 1 left on base; Kane County 4 - Wisconsin 5 |
| TOP OF THE 9TH |
|
Kane County Cougars batting - Pitching for Wisconsin Timber Rattlers : RHP Bobby Savoy
|
|
Pitching: RHP Johnathan Starr
|
|
|
Now at 1B: Ryan Miller
|
|
|
Now at 3B: Jonathan Sarles
|
|
|
Now in LF: Tyler Francis
|
|
|
Batting: LHB Jeff Trapp
|
0-0: Foul Ball, location: 2F 0-1: Called Strike 0-2: Ball 1-2: Strikes out swinging
|
|
Batting: RHB Francisco Gutierrez
|
0-0: Ball 1-0: Foul Ball, location: 2F 1-1: Ball 2-1: Ground out 4-3 (Groundball, 4, EV 81.9 MPH)
|
|
Batting: RHB Longfellow Wetzler
|
0-0: Ball 1-0: Called Strike 1-1: Ball 2-1: Foul Ball, location: 2F 2-2: Strikes out looking
|
| Top of the 9th over - 0 runs, 0 hits, 0 errors, 0 left on base; Kane County 4 - Wisconsin 5 |
|